 Dungeon Crawl Stone Soup version 0.26.0-91-g99b343417d (webtiles) character file.

Game seed: 18384132290630376251

182 Gadfly the Shield-Bearer (level 5, 0/42 HPs)
             Began as a Formicid Fighter on Feb 3, 2021.
             Slain by Grinder (8 damage)
             ... on level 3 of the Dungeon.
             The game lasted 00:02:01 (2206 turns).

Gadfly the Shield-Bearer (Formicid Fighter)         Turns: 2206, Time: 00:02:01

Health: 0/42       AC:  7    Str: 21    XL:     5   Next: 93%
Magic:  6/6        EV:  8    Int:  8    God:
Gold:   73         SH:  9    Dex: 10    Spells: 4/4 levels left

rFire    . . .     SeeInvis +   a - +1 war axe
rCold    . . .     Faith    .   c - +0 kite shield
rNeg     . . .     Spirit   .   e - +0 scale mail
rPois    .         Reflect  .   (helmet unavailable)
rElec    .         Harm     .   (no cloak)
rCorr    .         Rampage  .   (no gloves)
Will     .....                  (no boots)
Stlth    ..........             (no amulet)
HPRegen  0.14/turn              (no ring)
MPRegen  0.10/turn              (no ring)

@: brilliant
A: permanent stasis, dig shafts and tunnels, four strong arms, antennae 3
a: Dig, Shaft Self


You were on level 3 of the Dungeon.
You visited 1 branch of the dungeon, and saw 3 of its levels.

You collected 73 gold pieces.

Inventory:

Hand Weapons
 a - a +1 war axe (weapon)
 b - a +2 whip of draining
Missiles
 f - 28 bolts
Armour
 c - a +0 kite shield (worn)
 e - a +0 scale mail (worn)
Scrolls
 j - a scroll of enchant armour {unknown}
Potions
 d - a potion of might
 g - a potion of curing
 h - a potion of resistance


   Skills:
 + Level 3.7 Fighting
 * Level 2.8 Axes
 * Level 2.0 Crossbows
 + Level 3.7 Armour
 + Level 4.1 Shields
 * Level 2.4 Invocations
 * Level 2.1 Evocations


You had 4 spell levels left.
You didn't know any spells.
Your spell library contained the following spells:

 Spells                   Type           Power        Failure   Level
 Magic Dart               Conj           0%           97%         1
 Call Imp                 Summ           0%           99%         2
 Slow                     Hex            0%           99%         2
 Conjure Flame            Conj/Fire      0%           100%        3
 Mephitic Cloud           Conj/Pois/Air  0%           100%        3
 Blink                    Tloc           Unusable     N/A         2

Dungeon Overview and Level Annotations

Branches:
Dungeon (3/15)

Altars:
The Shining One

Annotations:
D:3 Grinder


Innate Abilities, Weirdness & Mutations

You cannot be hasted, slowed, berserked, paralysed or teleported.
You can dig through walls and to a lower floor.
Your four strong arms can wield two-handed weapons with a shield.
You have a pair of large antennae on your head. (SInv)


Message History

a +0 club; a goblin corpse You hit Grinder.
Grinder is moderately wounded.
You block Grinder's attack.
You slash Grinder!
Grinder is heavily wounded.
Grinder gestures at you. Pain shoots through your body!
You closely miss Grinder.
Grinder is heavily wounded.
You block Grinder's attack. Grinder hits you but does no damage.
Your shield and scale mail prevent you from hitting Grinder.
Grinder is heavily wounded.
Grinder gestures at you. Pain shoots through your body!
* * * LOW HITPOINT WARNING * * *
You hit Grinder.
Grinder is severely wounded.
Grinder hits you!
You die...

##.#...#..#.#..#
...#..#8).###..# ....
#...(([...##..# {
..... .#.#..###.(##..#
..... .# #.# #.#..#..#
...# .#
###.####....#######..#
.#
.....###.###5..5...#
.#
.........###5#.....##
.#
.#####.....@.#.g....#
... #########......##
.... #.......# ....
#.....#.# .... #.....#
.. ... #.....# .# ..
#.....# #.....#
......#


You could see Grinder and a white imp.

Vanquished Creatures
  Purgy (D:3)
  A howler monkey zombie (D:2)
  2 adders (D:2)
  2 oozes
  A dart slug (D:2)
  3 orcs (D:3)
  A giant cockroach (D:2)
  9 goblins
  5 hobgoblins
  6 jackals
  A ball python (D:2)
  2 bats (D:1)
  A frilled lizard (D:1)
  4 kobolds
  4 rats
43 creatures vanquished.

Notes
Turn   | Place    | Note
-------+----------+-------------------------------------------
     0 | D:1      | Gadfly the Formicid Fighter began the quest for the Orb.
     0 | D:1      | Reached XP level 1. HP: 18/18 MP: 1/1
   215 | D:1      | Reached XP level 2. HP: 22/24 MP: 2/2
   624 | D:1      | Reached skill level 1 in Crossbows
   778 | D:1      | Reached skill level 1 in Invocations
   865 | D:1      | Reached XP level 3. HP: 29/29 MP: 3/3
  1384 | D:2      | Reached skill level 1 in Evocations
  1548 | D:2      | Found a glowing golden altar of the Shining One.
  1613 | D:2      | Reached XP level 4. HP: 28/35 MP: 5/5
  2085 | D:3      | Noticed Purgy
  2102 | D:3      | Killed Purgy
  2103 | D:3      | Reached skill level 4 in Shields
  2103 | D:3      | Reached XP level 5. HP: 33/42 MP: 6/6
  2181 | D:3      | Noticed Grinder
  2206 | D:3      | Slain by Grinder

Illustrated notes

Levels and vault maps discovered:
D:1:      minmay_arrival_four_loops, layout_basic
D:2:      layout_basic, lemuel_crystal_altar
D:3:      layout_basic, guppyfry_early_orc_mine, uniq_grinder, uniq_purgy

Skill      XL: |  1  2  3  4 |
---------------+-------------+-----
Crossbows      | 1 2 |  2.0
Invocations    | 1 2 |  2.4
Evocations     | 1 2 |  2.1
Shields        | 4 |  4.1
Fighting       | |  3.7
Axes           | |  2.8
Armour         | |  3.7

Action                   |  1- 3 |  4- 6 || total
-------------------------+-------+-------++-------
Melee: War axe           |    90 |    28 ||   118
       Whip              |       |    38 ||    38
  Use: Scroll            |     4 |     1 ||     5
       Potion            |       |     2 ||     2
Armor: Scale mail        |    32 |    21 ||    53
Dodge: Dodged            |    29 |    28 ||    57
Block: Kite shield       |    48 |    38 ||    86
